 Dungeon Crawl Stone Soup version 0.26.1-11-gd32895ea62 (webtiles) character file.

Game seed: 16874499930325200468

4386 jlumianski the Magician (level 10, -12/79 HPs)
             Began as a Gnoll Warper on July 15, 2021.
             Was a Follower of Qazlal.
             Mangled by an orc warrior
             ... wielding a +0 long sword
              (22 damage)
             ... on level 8 of the Dungeon.
             The game lasted 00:47:14 (12191 turns).

jlumianski the Magician (Gnoll Warper)             Turns: 12191, Time: 00:47:18

Health: -12/79     AC: 10    Str: 13    XL:     10   Next: 35%
Magic:  15/20      EV: 14    Int: 19    God:    Qazlal [*.....]
Gold:   493        SH:  1    Dex: 15    Spells: 11/23 levels left

rFire    + . .     SeeInvis .   y - +4 war axe (vorpal)
rCold    . . .     Faith    .   (no shield)
rNeg     . . .     Spirit   .   j - +0 ring mail
rPois    .         Reflect  .   (no helmet)
rElec    .         Harm     .   (no cloak)
rCorr    .         Rampage  .   m - +0 pair of gloves
Will     .....                  C - +2 pair of boots
Stlth    +++.......             (no amulet)
HPRegen  0.23/turn              u - ring of stealth
MPRegen  0.17/turn              v - ring of protection from fire

@: no status effects
A: distributed training, fangs 1, strong nose
a: Renounce Religion


You were on level 8 of the Dungeon.
You worshipped Qazlal.
Qazlal was aware of your devotion.
You visited 2 branches of the dungeon, and saw 10 of its levels.

You collected 493 gold pieces.

Inventory:

Hand Weapons
 p - a +0 morningstar of flaming
 y - a +4 vorpal war axe (weapon)
Missiles
 e - 5 boomerangs of dispersal
 o - 52 poisoned darts (quivered)
 q - 20 bolts
 r - 5 boomerangs
Armour
 j - a +0 ring mail (worn)
 m - a +0 pair of gloves (worn)
 C - a +2 pair of boots (worn)
Jewellery
 h - an uncursed ring of stealth
 u - a ring of stealth (left hand)
 v - a ring of protection from fire (right hand)
Wands
 w - a wand of iceblast (6)
Scrolls
 b - a scroll of immolation
 d - 3 scrolls of blinking
 g - 3 scrolls of teleportation
 i - a scroll of magic mapping
 l - 4 scrolls of remove curse
 J - 3 scrolls of identify
Potions
 a - a potion of flight {unknown}
 c - a potion of haste {unknown}
 f - a potion of magic {unknown}
 k - a potion of ambrosia {unknown}
 n - a potion of brilliance {unknown}
 x - a potion of might
 A - a potion of degeneration {unknown}
 B - 3 potions of lignification
 E - 2 potions of curing
 I - a potion of heal wounds {unknown}
 K - a potion of invisibility {unknown}


   Skills:
 + Level 7.0 Fighting
 + Level 5.2 Short Blades
 + Level 5.2 Long Blades
 + Level 7.0 Axes
 + Level 5.2 Maces & Flails
 + Level 5.2 Polearms
 + Level 5.2 Staves
 + Level 5.2 Slings
 + Level 5.2 Bows
 + Level 5.2 Crossbows
 + Level 5.8 Throwing
 + Level 5.8 Armour
 + Level 7.0 Dodging
 + Level 5.2 Stealth
 + Level 5.2 Shields
 + Level 5.2 Unarmed Combat
 + Level 7.3 Spellcasting
 + Level 4.3 Conjurations
 + Level 4.3 Hexes
 + Level 4.3 Summonings
 + Level 4.3 Necromancy
 + Level 7.0 Translocations
 + Level 4.3 Transmutations
 + Level 4.3 Fire Magic
 + Level 4.3 Ice Magic
 + Level 4.3 Air Magic
 + Level 4.3 Earth Magic
 + Level 4.3 Poison Magic
 + Level 5.7 Invocations
 + Level 5.2 Evocations


You had 11 spell levels left.
You knew the following spells:

 Your Spells              Type           Power        Failure   Level
a - Blink                 Tloc           N/A          1%          2
b - Gell's Gravitas       Tloc           16%          3%          3
c - Wereblood             Tmut           23%          4%          2
d - Call Imp              Summ           23%          4%          2
e - Mephitic Cloud        Conj/Pois/Air  23%          10%         3

Your spell library contained the following spells:

 Spells                   Type           Power        Failure   Level
 Apportation              Tloc           66%          1%          1
 Animate Skeleton         Necr           46%          3%          1
 Beastly Appendage        Tmut           46%          3%          1
 Corona                   Hex            25%          3%          1
 Magic Dart               Conj           92%          3%          1
 Summon Small Mammal      Summ           92%          3%          1
 Lesser Beckoning         Tloc           16%          3%          3
 Teleport Other           Tloc           33%          3%          3
 Slow                     Hex            23%          4%          2
 Conjure Flame            Conj/Fire      23%          10%         3
 Spider Form              Tmut/Pois      11%          10%         3
 Passage of Golubria      Tloc           N/A          11%         4
 Ice Form                 Ice/Tmut       23%          32%         4
 Blade Hands              Tmut           11%          67%         5


Dungeon Overview and Level Annotations

Branches:
Dungeon (9/15)             Temple (1/1) D:7            Lair (0/6) D:8
    Orc: D:9-12

Altars:
Ashenzari
Dithmenos
Elyvilon
Gozag
Hepliaklqana
Kikubaaqudgha
Nemelex Xobeh
Okawaru
Qazlal
Ru
Sif Muna
Trog
Uskayaw
Yredelemnul
The Shining One


Innate Abilities, Weirdness & Mutations

Your experience applies equally to all skills.
You have very sharp teeth.
Your uncanny sense of smell can sniff out nearby items.


Message History

Your white imp hits the orc warrior but does no damage.
Your crimson imp barely misses the orc warrior.
You hit the orc warrior but do no damage.
The orc warrior hits you from afar with a +0 glaive.
The orc warrior hits you with a +0 long sword!
Your crimson imp closely misses the orc warrior.
Your white imp hits the orc warrior but does no damage.
You hit the orc warrior but do no damage.
The orc warrior closely misses you.
Your white imp gestures at the orc warrior.
The puff of frost hits the orc warrior.
The orc warrior hits you with a +0 long sword!
Your crimson imp closely misses the orc warrior.
You barely miss the orc warrior.
The orc warrior hits you from afar with a +0 glaive!
* * * LOW HITPOINT WARNING * * *
Your white imp hits the orc warrior but does no damage.
Your crimson imp hits the orc warrior but does no damage.
The orc warrior hits you with a +0 long sword!!
You die...

#.# #.##.....................
#.# #.#####..................
#.######'#####....<)............
#.##.............[.)............
#.##..............).............
#.##..#############.............
#.##..####8###8####.............
#.##..##8...8...8##.............
#.##..##.......@o##.............
#.##..#_.......5[>#.............
#.##..##.......5o##.............
#.######8.(.8...8####...........
#.##..####8###8### ##..........
#.##..#################.......).
#.##.....##...................#.
#........'..)...................
###......##...########....#####.


You could see 2 orc warriors, a friendly crimson imp (summoned) and a friendly
white imp (summoned).

Vanquished Creatures
  A wraith (D:7)
  Menkaure (D:7)
  A hornet zombie (D:7)
  A black bear (D:8)
  2 sky beasts
  2 orc warriors
  2 necrophages
  6 ogres
  3 eyes of draining (D:6)
  5 centaurs
  A big kobold (D:7)
  5 bullfrogs
  A gnoll sergeant (D:7)
  A water moccasin zombie (D:6)
  3 scorpions
  3 wights (D:8)
  4 howler monkeys
  A quasit (D:8)
  A bullfrog zombie (D:9)
  A centaur skeleton (D:7)
  4 jellies
  A gnoll shaman (D:4)
  3 orc priests
  8 orc wizards
  3 iguanas
  9 worker ants
  A hound skeleton (D:7)
  A worker ant zombie (D:5)
  16 gnolls
  8 adders
  3 shadow imps
  A white imp (D:5)
  3 ufetubi
  An ooze (D:2)
  2 worms
  2 dart slugs (D:2)
  4 leopard geckos
  18 orcs
  4 ball pythons
  4 giant cockroaches (D:1)
  8 goblins
  5 hobgoblins (D:1)
  23 jackals
  6 quokkas
  2 bats
  10 frilled lizards
  10 kobolds
  15 rats
220 creatures vanquished.

Vanquished Creatures (collateral kills)
  A sky beast (D:7)
  A jackal (D:8)
2 creatures vanquished.

Vanquished Creatures (others)
  An orc wizard (D:8)
  8 fungi (D:8)
  3 plants
12 creatures vanquished.

Grand Total: 234 creatures vanquished

Notes
Turn   | Place    | Note
-------+----------+-------------------------------------------
     0 | D:1      | jlumianski the Gnoll Warper began the quest for the Orb.
     0 | D:1      | Reached XP level 1. HP: 20/20 MP: 6/6
   140 | D:1      | Reached XP level 2. HP: 18/26 MP: 7/7
   435 | D:1      | Learned a level 2 spell: Blink
   474 | D:1      | Reached XP level 3. HP: 18/31 MP: 6/9
   478 | D:1      | Learned a level 3 spell: Gell's Gravitas
   749 | D:1      | Reached skill level 5 in Spellcasting
  1469 | D:2      | Reached skill level 1 in Invocations
  1549 | D:2      | Reached skill level 1 in Short Blades
  1549 | D:2      | Reached skill level 1 in Long Blades
  1549 | D:2      | Reached skill level 1 in Maces & Flails
  1549 | D:2      | Reached skill level 1 in Polearms
  1549 | D:2      | Reached skill level 1 in Staves
  1549 | D:2      | Reached skill level 1 in Slings
  1549 | D:2      | Reached skill level 1 in Bows
  1549 | D:2      | Reached skill level 1 in Crossbows
  1549 | D:2      | Reached skill level 1 in Stealth
  1549 | D:2      | Reached skill level 1 in Shields
  1549 | D:2      | Reached skill level 1 in Unarmed Combat
  1549 | D:2      | Reached skill level 1 in Evocations
  1565 | D:2      | Reached XP level 4. HP: 35/38 MP: 6/11
  1720 | D:2      | Reached skill level 1 in Conjurations
  1720 | D:2      | Reached skill level 1 in Hexes
  1720 | D:2      | Reached skill level 1 in Summonings
  1720 | D:2      | Reached skill level 1 in Necromancy
  1720 | D:2      | Reached skill level 1 in Transmutations
  1720 | D:2      | Reached skill level 1 in Fire Magic
  1720 | D:2      | Reached skill level 1 in Ice Magic
  1720 | D:2      | Reached skill level 1 in Air Magic
  1720 | D:2      | Reached skill level 1 in Earth Magic
  1720 | D:2      | Reached skill level 1 in Poison Magic
  1758 | D:2      | Found a hide-covered altar of Uskayaw.
  1773 | D:2      | Found a glowing golden altar of the Shining One.
  2498 | D:2      | Reached XP level 5. HP: 43/43 MP: 12/12
  3306 | D:4      | Noticed a centaur
  3466 | D:4      | HP: 1/43 [centaur/arrow (14)]
  4098 | D:4      | Reached XP level 6. HP: 44/50 MP: 0/13
  4786 | D:4      | Reached skill level 5 in Fighting
  4786 | D:4      | Reached skill level 5 in Axes
  4786 | D:4      | Reached skill level 5 in Dodging
  4811 | D:4      | Reached XP level 7. HP: 54/56 MP: 15/15
  4863 | D:4      | You fall into a shaft and drop 2 floors!
  4868 | D:5      | Entered Level 5 of the Dungeon
  5679 | D:3      | Reached XP level 8. HP: 60/63 MP: 9/16
  7250 | D:6      | Found a bloodstained altar of Trog.
  7268 | D:6      | Reached XP level 9. HP: 69/69 MP: 0/18
  7283 | D:6      | Learned a level 2 spell: Wereblood
  7286 | D:6      | Learned a level 2 spell: Call Imp
  7947 | D:7      | Reached skill level 5 in Throwing
  7947 | D:7      | Reached skill level 5 in Armour
  8333 | D:7      | Noticed Menkaure
  8336 | D:7      | Found a transporter.
  8341 | D:7      | Found a transporter.
  8418 | D:7      | Found a staircase to the Ecumenical Temple.
  8427 | Temple   | Entered the Ecumenical Temple
  8447 | Temple   | Became a worshipper of Qazlal Stormbringer
  8539 | D:7      | Found a basalt altar of Yredelemnul.
  8549 | D:7      | Found an ancient bone altar of Kikubaaqudgha.
  9578 | D:7      | Reached skill level 5 in Invocations
  9586 | D:7      | Killed Menkaure
 10019 | D:8      | Reached XP level 10. HP: 49/77 MP: 17/20
 10380 | D:8      | Reached skill level 5 in Short Blades
 10380 | D:8      | Reached skill level 5 in Long Blades
 10380 | D:8      | Reached skill level 5 in Maces & Flails
 10380 | D:8      | Reached skill level 5 in Polearms
 10380 | D:8      | Reached skill level 5 in Staves
 10380 | D:8      | Reached skill level 5 in Slings
 10380 | D:8      | Reached skill level 5 in Bows
 10380 | D:8      | Reached skill level 5 in Crossbows
 10380 | D:8      | Reached skill level 5 in Stealth
 10380 | D:8      | Reached skill level 5 in Shields
 10380 | D:8      | Reached skill level 5 in Unarmed Combat
 10380 | D:8      | Reached skill level 5 in Evocations
 10561 | D:8      | Reached * piety under Qazlal
 10822 | D:8      | Found a shadowy altar of Dithmenos.
 10852 | D:8      | Found a staircase to the Lair.
 11285 | D:9      | Learned a level 3 spell: Mephitic Cloud
 11333 | D:9      | Noticed an eight-headed hydra
 11869 | D:8      | Found a sparkling altar of Nemelex Xobeh.
 12191 | D:8      | Mangled by an orc warrior

Illustrated notes

Levels and vault maps discovered:
D:1:      dpeg_arrival_rooms_b, layout_basic, nrook_campfire,
          serial_bayou_crossing
D:2:      layout_loops_ring, grunt_temple_overflow_open, minmay_rat_gold_closets
D:3:      layout_basic, minmay_misc_feat_plants
D:4:      minmay_angry_zag, layout_gridville
D:5:      layout_rooms
D:6:      layout_rooms, trog_eyes_of_draining
D:7:      layout_basic, gammafunk_temple_of_torment, lemuel_temple_firewalk_a
D:8:      layout_basic, nicolae_overflow_hidden_temple, lemuel_doored_altar,
          dpeg_oklobed_lair
D:9:      layout_big_octagon, gammafunk_temple_overflow_elements
Temple:   zaba_magenta_temple

Skill      XL: |  1  2  3  4  5  6  7  8  9 10 |
---------------+-------------------------------+-----
Spellcasting   | 5 6 7 |  7.3
Invocations    | 1 2 3 4 5 |  5.7
Short Blades   | 1 2 3 4 5 |  5.2
Long Blades    | 1 2 3 4 5 |  5.2
Maces & Flails | 1 2 3 4 5 |  5.2
Polearms       | 1 2 3 4 5 |  5.2
Staves         | 1 2 3 4 5 |  5.2
Slings         | 1 2 3 4 5 |  5.2
Bows           | 1 2 3 4 5 |  5.2
Crossbows      | 1 2 3 4 5 |  5.2
Stealth        | 1 2 3 4 5 |  5.2
Shields        | 1 2 3 4 5 |  5.2
Unarmed Combat | 1 2 3 4 5 |  5.2
Evocations     | 1 2 3 4 5 |  5.2
Conjurations   | 1 2 3 4 |  4.3
Hexes          | 1 2 3 4 |  4.3
Summonings     | 1 2 3 4 |  4.3
Necromancy     | 1 2 3 4 |  4.3
Transmutations | 1 2 3 4 |  4.3
Fire Magic     | 1 2 3 4 |  4.3
Ice Magic      | 1 2 3 4 |  4.3
Air Magic      | 1 2 3 4 |  4.3
Earth Magic    | 1 2 3 4 |  4.3
Poison Magic   | 1 2 3 4 |  4.3
Throwing       | 3 4 5 |  5.8
Armour         | 3 4 5 |  5.8
Fighting       | 5 6 7 |  7.0
Axes           | 5 6 7 |  7.0
Dodging        | 5 6 7 |  7.0
Translocations | 6 7 |  7.0

Action                   |  1- 3 |  4- 6 |  7- 9 | 10-12 || total
-------------------------+-------+-------+-------+-------++-------
Melee: Hand axe          |   109 |   135 |       |       ||   244
       Bite              |    12 |    17 |    29 |    12 ||    70
       Punch             |       |     1 |     3 |     2 ||     6
       War axe           |       |    15 |   275 |   118 ||   408
 Fire: Shortbow          |       |     4 |       |       ||     4
Throw: Stone             |    16 |    10 |       |       ||    26
       Dart              |       |     4 |     9 |     6 ||    19
 Cast: Blink             |     1 |     2 |     2 |     3 ||     8
       Gell's Gravitas   |     2 |    12 |    15 |     3 ||    32
       Call Imp          |       |       |     9 |     8 ||    17
       Wereblood         |       |       |     2 |     4 ||     6
       Mephitic Cloud    |       |       |       |     1 ||     1
Evoke: Wand              |       |       |     3 |       ||     3
  Use: Scroll            |       |     4 |     7 |     3 ||    14
       Potion            |       |       |     4 |       ||     4
 Stab: Sleeping          |       |     2 |     8 |       ||    10
Armor: Leather armour    |    28 |       |       |       ||    28
       Ring mail         |     8 |    42 |   143 |    50 ||   243
Dodge: Dodged            |    71 |   122 |   248 |   112 ||   553
Block: Other             |       |       |       |     2 ||     2
